cohdb
Replays
Latest Replays
All Replays
Popular Replays
Top Player Replays
Match Explorer
How It Works
Community
CoH3 Stats
Reddit
Sign in to upload your games and track your stats! →
Sign in with Steam
Match 43254256
Unlisted
Match 43254256
Overview
Messages
Build Orders
End
Kradschützen Motorcycle Team
Selects Armored Support Battlegroup
Panzergrenadier Squad
Panzerpioneer Squad
Construct Light Support Kompanie
MG34 Team
Panzerjäger Squad
Construct Mechanized Kompanie
Selects Superior Fire Drills
8 Rad Armored Car
2.5-tonne Medical Truck
Vehicle Survival Package
Marder III Tank Destroyer
Selects Flammpanzer III Medium Tank
Flammpanzer III Medium Tank
Support Armor Elements
Veteran Squad Leaders
Grongolock
FartNoise
LAHMACUN
Kollu
0
0
Comments
sign in to comment!
No comments posted yet!